Map: Galactic Process LE

Players

Nerchio - Winner!

  • Race: Zerg Zerg

Solar

  • Race: Zerg Zerg

Event: 2016 WCS Global Finals

VOD

Have the link to the VOD?

Description

Time

  • Played on: Oct. 28, 2016, 5:13 p.m.
  • Length: 19:25

All games in this series

Show
View Real Time Build Order
Export as new Build Order

Nerchio Zerg - Winner!

Build Orders: Hatch First 

Get SALT Encoding   

  12  0:00  Drone  
  13  0:12  Overlord  
  13  0:17  Drone  
  14  0:31  Drone x2  
  14  0:34  Drone  
  17  0:55  Drone, Hatchery  
  17  0:59  Drone  
  18  1:05  Extractor  
  17  1:15  Spawning Pool  
  17  1:17  Drone  
  17  1:21  Drone  
  18  1:28  Drone  
  19  1:39  Overlord  
  19  2:01  Zergling x4, Queen  
  19  2:05  Metabolic Boost  
  19  2:06  Queen  
  25  2:09  Drone  
  25  2:12  Drone  
  27  2:17  Drone  
  28  2:23  Drone  
  28  2:28  Drone  
  28  2:29  Baneling Nest  
  29  2:33  Drone  
  30  2:42  Queen  
  32  2:45  Overlord  
  31  2:55  Zergling x6  
  34  3:00  Drone  
  35  3:06  Queen  
  37  3:13  Baneling x3  
  37  3:16  Zergling x6  
  37  3:17  Zergling x2  
  41  3:22  Overlord  
  41  3:28  Queen  
  43  3:36  Overlord  
  43  3:41  Drone  
  43  3:42  Roach Warren  
  43  3:44  Drone  
  43  3:45  Drone  
  45  3:51  Spine Crawler  
  45  3:54  Drone x2  
  46  3:57  Drone  
  46  4:01  Drone  
  49  4:02  Drone  
  49  4:05  Drone  
  50  4:11  Queen  
  50  4:16  Overlord  
  52  4:21  Overlord  
  52  4:24  Roach x2  
  54  4:27  Roach  
  58  4:32  Overlord  
  58  4:45  Hatchery  
  57  4:48  Lair  
  57  4:50  Roach  
  57  4:52  Roach  
  61  4:56  Drone x3  
  64  5:03  Roach  
  64  5:04  Roach x2  
  64  5:06  Overlord  
  69  5:16  Extractor  
  69  5:18  Evolution Chamber  
  69  5:19  Drone x3  
  69  5:20  Extractor  
  69  5:27  Drone x3  
  72  5:29  Drone  
  72  5:30  Drone x4  
  77  5:36  Overlord  
  77  5:42  Roach  
  78  5:47  Glial Reconstitution  
  78  5:49  Overlord  
  78  5:52  Ravager  
  78  5:53  Overlord x2  
  78  5:55  Roach x2  
  83  5:58  Roach  
  83  6:02  Roach  
  83  6:03  Roach  
  89  6:07  Extractor  
  88  6:12  Drone x5  
  88  6:16  Drone, Zerg Missile Weapons Level 1  
  94  6:19  Drone  
  94  6:21  Drone  
  94  6:22  Drone  
  97  6:26  Drone x3  
  97  6:29  Drone  
  97  6:32  Drone  
  102  6:34  Extractor  
  102  6:36  Extractor  
  102  6:37  Drone  
  101  6:42  Overlord  
  101  6:43  Drone  
  101  6:44  Drone x2  
  104  6:48  Drone x2  
  104  6:51  Drone  
  104  6:52  Roach x3  
  104  6:53  Ravager x3  
  116  6:56  Overlord  
  116  6:58  Roach  
  118  7:02  Roach  
  118  7:09  Roach x2  
  118  7:13  Roach x2, Overlord  
  118  7:14  Roach  
  128  7:17  Roach  
  128  7:19  Roach x3  
  135  7:24  Roach  
  135  7:25  Roach x2  
  135  7:26  Roach  
  142  7:31  Overlord x2  
  142  7:34  Ravager x3  
  142  7:35  Ravager  
  142  7:36  Overlord  
  142  7:37  Overlord  
  144  7:48  Overlord  
  144  7:49  Hatchery  
  144  7:51  Roach x3, Unknown  
  149  7:56  Roach  
  149  7:57  Roach x2  
  155  7:59  Roach  
  155  8:00  Roach  
  155  8:02  Roach  
  155  8:04  Roach  
  160  8:09  Roach x2  
  160  8:10  Zerg Missile Weapons Level 2  
  164  8:14  Ravager  
  164  8:15  Ravager x2  
  164  8:18  Roach x2  
  164  8:19  Roach  
  173  8:21  Roach  
  173  8:22  Roach  
  177  8:28  Roach x3  
  177  8:29  Roach  
  177  8:33  Overlord  
  185  8:38  Overlord  
  185  8:42  Overlord  
  185  8:44  Overlord  
  185  8:45  Overlord  
  185  8:46  Overlord  
  185  8:49  Overlord  
  185  8:53  Roach x3  
  191  9:01  Roach x5  
  198  9:07  Ravager x2  
  200  9:19  Unknown  
  200  9:38  Roach x2  
  200  9:44  Roach x2  
  200  9:49  Roach  
  198  10:01  Unknown x2  
  198  10:06  Unknown  
  198  10:13  Overlord  
  198  10:14  Spire  
  197  10:26  Roach x4  
  197  10:27  Zerg Ground Armor Level 1  
  191  10:29  Roach x2  
  191  10:30  Roach x8  
  191  10:31  Roach x5  
  191  10:32  Roach x2  
  186  10:36  Roach x7  
  186  10:40  Queen  
  200  10:46  Roach  
  199  10:55  Ravager  
  196  11:10  Roach x7  
  187  11:12  Roach x9  
  187  11:14  Roach x2  
  187  11:18  Ravager  
  200  11:29  Roach  
  200  11:30  Roach x2  
  200  11:32  Roach  
  199  11:35  Spine Crawler, Spore Crawler  
  199  11:37  Pneumatized Carapace  
  197  11:46  Ravager x5  
  200  11:48  Overseer  
  200  11:52  Unknown  
  200  11:54  Spore Crawler, Overlord  
  199  11:56  Ravager  
  199  11:59  Overseer  
  194  12:12  Roach x3  
  194  12:14  Overseer  
  185  12:16  Roach x6  
  197  12:25  Roach  
  198  12:44  Zerg Ground Armor Level 2  
  198  12:58  Roach x3  
  200  13:03  Overlord  
  198  13:07  Overlord  
  198  13:12  Overlord  
  182  13:16  Roach x12  
  182  13:18  Roach x2  
  182  13:19  Roach  
  200  13:21  Roach  
  198  13:46  Roach  
  200  14:06  Roach x3  
  200  14:08  Roach x2  
  199  14:16  Roach x5  
  199  14:20  Roach x2  
  199  14:22  Roach  
  199  14:23  Roach x2  
  195  14:26  Roach x5  
  195  14:27  Roach x2  
  195  14:28  Roach  
  182  14:33  Roach  
  182  14:34  Roach  
  182  14:39  Roach x2  
  182  14:40  Hydralisk Den  
  182  14:44  Roach x2  
  189  14:46  Ravager x2  
  189  14:49  Roach x2, Overseer  
  189  14:50  Overseer  
  195  14:56  Hatchery  
  195  14:57  Roach x2  
  198  15:00  Roach  
  200  15:26  Spore Crawler  
  199  15:34  Lurker Den, Zerg Flyer Weapons Level 1  
  199  15:46  Overseer  
  195  16:24  Extractor  
  173  16:34  Roach x9  
  173  16:35  Roach x8  
  173  16:39  Burrow  
  197  16:41  Tunneling Claws  
  197  16:45  Roach x2  
  199  16:55  Ravager  
  199  16:58  Infestation Pit  
  199  17:19  Hatchery  
  199  17:21  Ravager  
  183  17:23  Ravager, Unknown x3  
  183  17:24  Ravager x2, Unknown  
  183  17:25  Ravager  
  183  17:26  Ravager x3  
  183  17:27  Roach  
  183  17:28  Roach x5  
  198  17:46  Roach  
  198  17:47  Roach x2  
  194  17:58  Drone x3  
  194  17:59  Drone  
  194  18:01  Hive  
  191  18:31  Hydralisk x4  
  191  18:32  Hydralisk  
  199  18:35  Evolution Chamber  
  198  18:43  Overseer x2  
  198  18:49  Spine Crawler  
  198  18:51  Spore Crawler  
  198  18:53  Roach x8  
  192  19:05  Roach x5  
Show
View Real Time Build Order
Export as new Build Order

Solar Zerg 

Build Orders: Hatch First 

Get SALT Encoding   

  12  0:00  Drone  
  13  0:11  Overlord  
  13  0:17  Drone  
  14  0:29  Drone  
  14  0:30  Drone  
  14  0:34  Drone  
  17  0:51  Hatchery  
  17  0:54  Drone  
  17  0:57  Drone  
  18  1:04  Extractor  
  17  1:12  Spawning Pool  
  17  1:15  Drone  
  17  1:19  Drone  
  18  1:27  Drone  
  19  1:37  Overlord  
  19  1:49  Drone  
  20  2:00  Drone, Queen  
  23  2:02  Queen  
  23  2:03  Zergling x2  
  23  2:05  Metabolic Boost  
  26  2:11  Zergling x2  
  26  2:14  Drone  
  28  2:26  Spine Crawler  
  28  2:27  Zergling x4  
  29  2:36  Queen  
  33  2:47  Drone x2  
  33  2:49  Drone  
  35  2:57  Baneling Nest, Overlord  
  35  2:58  Zergling x2  
  36  3:04  Drone x2  
  36  3:12  Overlord  
  36  3:16  Zergling x2  
  36  3:18  Drone  
  38  3:25  Zergling x2  
  39  3:28  Zergling x6  
  39  3:32  Drone  
  42  3:37  Drone  
  43  3:44  Baneling x2  
  42  3:49  Drone, Roach Warren  
  42  3:50  Drone  
  42  3:52  Drone  
  42  3:53  Zergling x4  
  42  3:54  Zergling x2  
  47  3:55  Baneling x2  
  47  3:56  Zergling x6  
  47  3:58  Baneling  
  50  4:04  Overlord  
  50  4:15  Drone  
  51  4:18  Drone  
  51  4:22  Hatchery, Overlord  
  49  4:24  Drone x2  
  49  4:29  Overlord  
  51  4:33  Overlord  
  51  4:38  Overlord  
  51  4:41  Roach  
  51  4:42  Roach  
  55  4:48  Roach  
  63  4:52  Roach x2  
  63  4:53  Roach  
  63  4:58  Drone x3  
  63  4:59  Extractor  
  64  5:01  Roach  
  64  5:07  Roach x2  
  70  5:13  Drone x2  
  71  5:16  Drone  
  71  5:17  Extractor  
  71  5:19  Drone  
  72  5:22  Evolution Chamber  
  72  5:27  Overlord  
  71  5:28  Drone  
  71  5:29  Drone x2  
  73  5:39  Lair  
  73  5:40  Roach  
  73  5:42  Drone  
  71  5:44  Drone x3  
  71  5:45  Drone  
  71  5:46  Drone  
  76  5:52  Drone x2  
  78  5:57  Drone x4  
  78  6:00  Zerg Missile Weapons Level 1  
  78  6:01  Drone  
  83  6:04  Roach  
  83  6:06  Roach, Extractor  
  83  6:10  Overlord  
  86  6:17  Roach x2  
  90  6:21  Drone x3  
  90  6:22  Overlord  
  90  6:24  Drone  
  90  6:25  Extractor  
  92  6:26  Drone x2  
  92  6:27  Drone  
  92  6:29  Drone  
  96  6:37  Drone x2, Glial Reconstitution  
  96  6:38  Drone, Overseer  
  96  6:39  Drone  
  100  6:42  Overlord  
  100  6:47  Overlord  
  100  6:50  Roach x2  
  100  6:52  Hydralisk Den  
  100  6:53  Roach x2  
  107  6:57  Overlord  
  107  6:58  Roach  
  107  6:59  Roach  
  108  7:04  Drone  
  108  7:05  Drone x3  
  110  7:10  Roach x2  
  110  7:12  Overlord  
  110  7:14  Roach  
  117  7:16  Roach  
  117  7:17  Roach  
  117  7:21  Ravager x2, Overlord  
  123  7:26  Drone x3  
  123  7:28  Roach x2  
  127  7:31  Drone  
  127  7:34  Roach x3  
  127  7:37  Overseer  
  135  7:44  Ravager x2  
  135  7:45  Overlord  
  135  7:47  Overlord  
  135  7:50  Roach  
  137  7:52  Overlord  
  137  7:54  Hatchery  
  137  7:55  Overlord  
  137  7:57  Overlord  
  136  7:59  Overlord  
  136  8:02  Zerg Missile Weapons Level 2  
  136  8:08  Ravager  
  136  8:10  Overlord  
  136  8:12  Roach x4  
  145  8:14  Overseer  
  145  8:17  Roach x2  
  147  8:21  Roach x2  
  147  8:25  Roach x2  
  155  8:29  Roach  
  155  8:30  Roach x2  
  155  8:32  Overlord  
  161  8:34  Overlord  
  167  8:41  Roach x3  
  167  8:46  Overlord  
  167  8:50  Roach x2  
  167  8:51  Overlord  
  167  8:53  Overlord  
  171  8:57  Ravager, Overlord  
  171  8:58  Roach  
  174  9:03  Overlord  
  174  9:04  Pneumatized Carapace  
  174  9:06  Roach  
  174  9:07  Ravager  
  177  9:10  Roach x2  
  177  9:15  Roach x2  
  185  9:21  Roach x3  
  191  9:26  Roach x3  
  191  9:31  Extractor  
  192  9:43  Roach x7  
  198  9:49  Burrow  
  196  9:53  Roach  
  198  10:02  Tunneling Claws  
  198  10:14  Overlord  
  198  10:17  Ravager  
  187  10:30  Roach x7  
  187  10:32  Roach x2  
  187  10:33  Roach x4  
  187  10:34  Roach x3  
  195  10:38  Roach  
  195  10:39  Roach  
  199  10:48  Roach x3  
  199  10:51  Overlord  
  199  10:55  Overlord  
  199  10:57  Overseer  
  191  11:04  Roach  
  191  11:05  Roach x3  
  191  11:08  Roach x9  
  191  11:09  Roach x21  
  191  11:11  Roach x9  
  183  11:14  Roach  
  189  11:20  Roach x3  
  189  11:21  Roach  
  189  11:24  Roach  
  199  11:30  Roach  
  199  11:32  Roach x2  
  195  11:35  Roach x2  
  199  11:40  Roach  
  199  11:48  Roach  
  199  11:50  Roach x3  
  199  11:51  Roach x7  
  199  11:52  Roach x2  
  199  11:54  Roach x4  
  199  12:00  Spine Crawler  
  198  12:01  Spine Crawler  
  198  12:06  Roach x3  
  189  12:09  Roach x4  
  189  12:14  Roach x7  
  197  12:20  Roach x5  
  197  12:23  Roach x12  
  197  12:26  Roach  
  193  12:38  Zerg Ground Armor Level 1  
  193  12:40  Extractor x2  
  193  12:41  Hydralisk Den  
  193  12:43  Roach  
  193  12:44  Roach x4  
  196  12:55  Roach  
  196  12:56  Roach  
  196  13:06  Roach  
  196  13:10  Roach x20  
  196  13:12  Roach x3  
  194  13:14  Roach x2  
  194  13:18  Roach  
  194  13:19  Roach x2  
  190  13:26  Ravager  
  184  13:28  Lurker Den  
  184  13:30  Roach  
  184  13:31  Roach x3  
  188  13:34  Roach x2  
  188  13:35  Roach  
  188  13:39  Roach  
  186  13:47  Hydralisk x3  
  186  13:59  Unknown x2  
  186  14:00  Unknown x2  
  186  14:01  Roach x3  
  195  14:02  Roach x2  
  195  14:10  Hatchery  
  195  14:13  Roach x3  
  190  14:23  Roach x29  
  179  14:28  Roach x7  
  167  14:32  Roach  
  167  14:34  Roach  
  167  14:36  Roach x36  
  169  14:45  Hydralisk  
  169  14:46  Roach x2  
  169  14:47  Roach  
  169  14:48  Roach  
  169  14:49  Roach  
  169  14:50  Roach x2  
  169  14:52  Overlord  
  177  15:01  Hydralisk  
  177  15:04  Overlord  
  179  15:11  Roach x2  
  182  15:16  Overlord  
  182  15:19  Lurker  
  182  15:20  Lurker x2  
  185  15:25  Roach x4  
  185  15:27  Roach  
  187  15:35  Ravager x4  
  186  15:36  Roach  
  186  15:37  Roach x2  
  186  15:39  Roach x3, Unknown x6  
  182  16:05  Roach x2  
  182  16:08  Hatchery  
  185  16:11  Roach x2  
  189  16:22  Hydralisk x2  
  191  16:27  Overlord  
  183  16:33  Hydralisk  
  183  16:38  Lurker  
  175  16:42  Hydralisk  
  175  16:43  Ravager  
  178  16:49  Unknown x4  
  178  16:55  Hydralisk x2  
  182  17:02  Muscular Augments  
  182  17:06  Roach x8  
  182  17:08  Hydralisk  
  182  17:12  Hydralisk  
  186  17:19  Hydralisk  
  184  17:23  Drone  
  184  17:24  Roach x32  
  185  17:31  Spore Crawler  
  185  17:33  Hydralisk  
  182  17:44  Hydralisk x2  
  182  17:48  Hydralisk  
  174  17:52  Hydralisk x2  
  174  17:54  Roach x7  
  172  17:59  Hydralisk x2  
  172  18:10  Hydralisk x2  
  172  18:11  Hydralisk  
  178  18:15  Overseer  
  171  18:23  Hydralisk x2  
  167  18:39  Hydralisk  
  167  18:40  Hydralisk x3  
  167  18:41  Roach x2  
  179  18:47  Hydralisk x6  
  179  18:48  Hydralisk  
  173  18:50  Hydralisk x2  
  173  18:51  Roach x4  
  173  18:53  Hydralisk  
  131  18:56  Hydralisk  
  131  18:58  Roach x7  
  131  18:59  Roach  
  119  19:04  Roach  
  100  19:19  Unknown x8  
Tags
 
Add a new tag
Caveats
  • Supply blocks, unpowered buildings, or Contaminate may cause inaccurate times.
  • Supply counts are checked every 10 seconds.